 Dungeon Crawl Stone Soup version 0.28-a0-769-g550dbda0cd (webtiles) character file.

Game seed: 140599437604965703

3624 KoroneIsBestGirl the Chiller (level 10, -6/56 HPs)
             Began as an Octopode Ice Elementalist on Oct 31, 2021.
             Was an Initiate of Gozag.
             Killed from afar by a steam dragon (15 damage)
             ... with a ball of steam
             ... on level 7 of the Dungeon on Nov 1, 2021.
             The game lasted 00:11:25 (7153 turns).

KoroneIsBestGirl the Chiller (OpIE)                 Turns: 7153, Time: 00:11:26

Health: -6/56      AC:  4    Str: 13    XL:     10   Next: 11%
Magic:  16/19      EV: 15    Int: 22    God:    Gozag
Gold:   704        SH: 11    Dex: 12    Spells: 14/21 levels left

rFire   . . .      SeeInvis .   o - +2 dagger (distort)
rCold   . . .      Faith    .   F - +1 buckler {AC+3}
rNeg    . . .      Spirit   .   (helmet restricted)
rPois   .          Reflect  +   d - amulet of reflection
rElec   .          Harm     .   r - +6 ring of strength
rCorr   .          Rampage  .   (no ring)
Will    .....                   (no ring)
Stlth   +++.......              (no ring)
HPRegen 0.18/turn               (no ring)
MPRegen 0.16/turn               (no ring)
                                (no ring)
                                (no ring)

@: freezing walls, studying Axes
A: almost no armour, amphibious, 8 rings, camouflage 1, gelatinous body 1,
(nimble swimmer 1), tentacles
a: Renounce Religion, Potion Petition, Call Merchant, Bribe Branch


You were on level 7 of the Dungeon.
You worshipped Gozag.
Gozag was pleased with you.
You visited 2 branches of the dungeon, and saw 8 of its levels.
You also visited: Ossuary.

You collected 731 gold pieces.
You paid 27 gold pieces to Gozag.

Inventory:

Hand Weapons
 o - a +2 dagger of distortion (weapon)
Armour
 k - a +0 buckler
 F - a +1 buckler of protection (worn)
Jewellery
 d - an amulet of reflection (around mantle)
 i - a ring of fire
 r - a +6 ring of strength (left tentacle)
Wands
 l - a wand of polymorph (9)
 s - a wand of digging (6)
 D - a wand of charming (5)
 E - a wand of mindburst (12)
Scrolls
 a - 4 scrolls of teleportation
 c - a scroll of vulnerability {unknown}
 g - 2 scrolls of blinking
 h - 4 scrolls of immolation
 m - 3 scrolls of magic mapping
 n - 3 scrolls of fear
 p - 2 scrolls of holy word
 q - a scroll of torment
 w - a scroll of acquirement {unknown}
 x - a scroll of enchant armour {unknown}
 y - a scroll of summoning {unknown}
 z - 3 scrolls of fog {unknown}
 A - a scroll of enchant weapon {unknown}
 B - 2 scrolls of brand weapon {unknown}
 C - a scroll of amnesia {unknown}
Potions
 b - 2 potions of haste {unknown}
 e - 2 potions of lignification {unknown}
 f - a potion of resistance {unknown}
 j - 7 potions of curing {unknown}
 t - a potion of attraction {unknown}
 u - 2 potions of brilliance {unknown}
 v - a potion of magic {unknown}


   Skills:
 + Level 6.7 Short Blades
 + Level 7.0 Dodging
 - Level 2.6 Stealth
 - Level 4.0 Shields
 + Level 6.4 Spellcasting
 + Level 7.9 Ice Magic


You had 14 spell levels left.
You knew the following spells:

 Your Spells              Type           Power      Damage    Failure   Level
a - Freeze                Ice            100%       1d11      1%          1
b - Frozen Ramparts       Ice            82%        1d10      1%          3
c - Ozocubu's Armour      Ice            41%        N/A       1%          3

Your spell library contained the following spells:

 Spells                   Type           Power      Damage    Failure   Level
 Static Discharge         Conj/Air       7%         N/A       13%         2
 Sublimation of Blood     Necr           3%         N/A       13%         2
 Wereblood                Tmut           7%         N/A       13%         2
 Hailstorm                Conj/Ice       24%        3d7       17%         4
 Gell's Gravitas          Tloc           3%         N/A       26%         3
 Lesser Beckoning         Tloc           7%         N/A       26%         3
 Stone Arrow              Conj/Erth      14%        3d7       26%         3
 Teleport Other           Tloc           7%         N/A       26%         3
 Dispel Undead            Necr           7%         3d8       65%         4
 Sticky Flame             Conj/Fire      7%         2d3       65%         4
 Summon Hydra             Summ           3%         N/A       100%        7
 Lehudib's Crystal Spear  Conj/Erth      3%         10d3      100%        8
 Animate Armour           Summ/Erth      Unusable   N/A       N/A         4

Dungeon Overview and Level Annotations

Branches:
Dungeon (7/15)             Temple (1/1) D:4         Ossuary (visited)

Altars:
Cheibriados
Dithmenos
Elyvilon
Fedhas
Gozag
Kikubaaqudgha
Makhleb
Qazlal
Ru
Sif Muna
Uskayaw
Vehumet
Wu Jian
Yredelemnul
Zin

Shops:
D:1 ?   D:5 [

Annotations:
D:5 Eustachio


Innate Abilities, Weirdness & Mutations

You cannot wear most types of armour.
You are amphibious.
You can wear up to eight rings at the same time.
Your skin changes colour to match your surroundings (Stealth+).
Your rubbery body absorbs attacks. (AC +1, EV +1)
((You are camouflaged near water. (Stealth+)))
You have tentacles for arms and can constrict up to eight enemies at once.


Message History

A steam dragon is nearby!
A steam dragon is nearby!
The steam dragon breathes steam at you. The ball of steam hits you!
No target in view!
No target in view!
No target in view!
No target in view!
You are engulfed in a cloud of scalding steam.
You are engulfed in a cloud of scalding steam.
You closely miss the steam dragon.
You are engulfed in a cloud of scalding steam.
Casting: Frozen Ramparts (safe; 1% risk of failure)
Confirm with . or Enter, or press ? or * to list all spells.
Casting: Frozen Ramparts (safe; 1% risk of failure)
Press: ? - help, Dir - look around, f - activate
There is a cloud of steam here.
The walls around you are covered in ice.
You are engulfed in a cloud of scalding steam.
* * * LOW HITPOINT WARNING * * *
The wall freezes the steam dragon!
The steam dragon breathes steam at you. The ball of steam misses you.
Unknown command.
Okay, then.
Casting: Frozen Ramparts (safe; 1% risk of failure)
Confirm with . or Enter, or press ? or * to list all spells.
Aiming: Freeze (safe; 1% risk of failure)
Press: ? - help, Shift-Dir - straight line, f - steam dragon
Aim: a steam dragon (moderately wounded)
Okay, then.
You hit the steam dragon.
Space warps horribly around the steam dragon.
Your squeeze misses the steam dragon.
The steam dragon is heavily wounded.
The wall freezes the steam dragon.
The steam dragon breathes steam at you. The ball of steam hits you!
You die...
Your body crumbles into a pile of gold.

###)#####.#.## ###.### #
####..)....#....# #.....# #
#...............# #.#.#.#####
##.##.......####.######.#..)..).#
...............!........###.###.#
##.##.......####§######...).# #.#
#.##.......# #§# #.##### #.#
#.##.......# #§# #.# #.#
##.###...#### #@# #.. #.# ...#
#.### #D# ### #.. #### #.# #§#
#.# #.# #.# #.# #.# #.. ..# ##.##
#.# ... #### #...# #.# #.# #
###...### #.# #.# # ##.......####
#.# #.# #


You could see a steam dragon (catching breath).

Vanquished Creatures
  A two-headed ogre (D:6)
  Pikel (D:7)
  2 gargoyles (D:7)
  2 vampire mosquitoes (D:6)
  2 sky beasts (D:6)
  A centaur (D:6)
  A phantom (D:6)
  2 lemures (D:7)
  A kobold brigand (D:7)
  A bullfrog (D:7)
  A scorpion (D:6)
  A wyvern skeleton (D:7)
  2 bullfrog zombies (D:6)
  2 centaur zombies
  4 hounds
  A human zombie (Ossuary)
  2 jellies
  7 orc priests
  Ijyb (D:3)
  2 iguanas
  2 orc wizards
  A killer bee zombie (D:7)
  A howler monkey zombie (D:7)
  8 adders
  3 shadow imps
  2 white imps
  An ufetubus (D:5)
  2 adder skeletons
  2 worms (D:4)
  2 dart slugs
  20 orcs
  An endoplasm (D:4)
  2 giant cockroaches
  3 goblins
  3 hobgoblins
  2 quokkas
  2 ball pythons (D:4)
  2 frilled lizards
  2 goblin zombies
  2 hobgoblin zombies (Ossuary)
  7 kobolds
  A kobold zombie (Ossuary)
  An orc zombie (Ossuary)
  A quokka zombie (D:6)
  4 rats
114 creatures vanquished.

Vanquished Creatures (others)
  7 plants (D:7)
  2 withered plants (D:7)
9 creatures vanquished.

Grand Total: 123 creatures vanquished

Notes
Turn   | Place    | Note
-------+----------+-------------------------------------------
     0 | D:1      | KoroneIsBestGirl the Octopode Ice Elementalist began the
                  | quest for the Orb.
     0 | D:1      | Reached XP level 1. HP: 11/11 MP: 3/3
   110 | D:1      | Found a faded altar of an unknown god.
   297 | D:1      | Reached XP level 2. HP: 9/17 MP: 0/5
   569 | D:1      | Found Zixiaj's Magic Scroll Shoppe.
  1283 | D:2      | Reached skill level 1 in Short Blades
  1489 | D:2      | Reached XP level 3. HP: 21/21 MP: 4/6
  1600 | D:3      | Learned a level 3 spell: Frozen Ramparts
  1691 | D:3      | Noticed Ijyb
  1698 | D:3      | Killed Ijyb
  1699 | D:3      | Reached XP level 4. HP: 22/27 MP: 0/7
  2277 | D:3      | Reached skill level 1 in Shields
  2470 | D:3      | Learned a level 3 spell: Ozocubu's Armour
  2527 | D:4      | Found a staircase to the Ecumenical Temple.
  2538 | D:4      | Reached XP level 5. HP: 31/31 MP: 2/9
  2543 | Temple   | Entered the Ecumenical Temple
  2617 | Temple   | Became a worshipper of Gozag Ym Sagoz the Greedy
  2922 | D:4      | Found a snail-covered altar of Cheibriados.
  3493 | D:5      | Entered Level 5 of the Dungeon
  3531 | D:5      | Found Ytotuwn's Armour Boutique.
  3538 | D:5      | Reached XP level 6. HP: 36/36 MP: 6/10
  3602 | D:5      | Found a white marble altar of Elyvilon.
  3631 | D:5      | Reached skill level 5 in Ice Magic
  3639 | D:5      | Noticed Eustachio
  3885 | D:5      | You fall into a shaft and drop 2 floors!
  3905 | D:7      | Reached XP level 7. HP: 36/41 MP: 8/12
  4180 | D:6      | Found a sand-covered staircase.
  4188 | Ossuary  | Entered an ossuary
  4544 | D:6      | Noticed a two-headed ogre
  4559 | D:6      | Killed a two-headed ogre
  4560 | D:6      | Reached skill level 5 in Dodging
  4560 | D:6      | Reached XP level 8. HP: 23/46 MP: 6/14
  5348 | D:6      | Reached skill level 5 in Short Blades
  5429 | D:6      | Reached skill level 5 in Spellcasting
  5429 | D:6      | Reached XP level 9. HP: 51/51 MP: 16/16
  5865 | D:6      | Found an ornate altar of the Wu Jian Council.
  5874 | D:6      | Found a shimmering blue altar of Sif Muna.
  6468 | D:7      | Noticed a gargoyle
  6476 | D:7      | Killed a gargoyle
  6794 | D:7      | Noticed a gargoyle
  6802 | D:7      | Killed a gargoyle
  6902 | D:7      | Noticed Pikel
  6911 | D:7      | Killed Pikel
  6912 | D:7      | Reached XP level 10. HP: 53/56 MP: 15/19
  6944 | D:7      | Found an ancient bone altar of Kikubaaqudgha.
  6946 | D:7      | Found a blossoming altar of Fedhas.
  7153 | D:7      | Killed from afar by a steam dragon

Illustrated notes

Levels and vault maps discovered:
D:1:      saegor_arrival_miasma, layout_loops_ring, serial_shops,
          nicolae_shop_window_shopping, shapermc_ecumenical_altar_mp_highgroup
D:2:      layout_loops_cross
D:3:      layout_basic, uniq_ijyb
D:4:      layout_loops_ring, slow_altar_2, temple_green
D:5:      layout_cave_pools, mainiacjoe_overflow_cross_hatched, serial_shops,
          nicolae_square_shop, hangedman_decor_clover_reticule, feat_on_display,
          uniq_eustachio
D:6:      layout_basic, mainiacjoe_overflow_swirl, enter_ossuary_4,
          grunt_decor_resistance, minmay_manual_mullet
D:7:      layout_loops_ring, grunt_temple_overflow_growth_and_decay, uniq_pikel
Temple:   eino_narrow_crystal_temple

Skill      XL: |  1  2  3  4  5  6  7  8  9 |
---------------+----------------------------+-----
Short Blades   | 1 2 4 5 6 |  6.7
Shields        | 1 2 4 |  4.0
Dodging        | 3 5 7 |  7.0
Spellcasting   | 3 4 5 6 |  6.4
Ice Magic      | 5 6 7 |  7.9
Stealth        | |  2.6

Action                   |  1- 3 |  4- 6 |  7- 9 | 10-12 || total
-------------------------+-------+-------+-------+-------++-------
Melee: Dagger            |    10 |    64 |   108 |     5 ||   187
       Constrict         |     4 |    16 |    16 |       ||    36
       Tentacles         |     2 |     8 |    15 |     2 ||    27
       Unarmed           |     1 |       |       |       ||     1
 Cast: Freeze            |    22 |    16 |    11 |     6 ||    55
       Frozen Ramparts   |     1 |     6 |    11 |     3 ||    21
       Ozocubu's Armour  |       |       |     1 |       ||     1
  Use: Scroll            |       |       |     8 |       ||     8
 Stab: Sleeping          |     2 |     8 |    10 |       ||    20
       Distracted        |       |       |     2 |       ||     2
Armor: Skin              |     1 |     2 |     3 |       ||     6
Dodge: Dodged            |     9 |    25 |    43 |     6 ||    83
Block: Other             |     1 |       |       |       ||     1
       Buckler           |     1 |    31 |    38 |     3 ||    73
       Reflection        |       |     1 |       |       ||     1

Table legend: (Time is in decaauts)
 A = Elapsed time spent in this place.
 B = Non-inter-level travel time spent in this place.
 C = Inter-level travel time spent in this place.
 D = Time resting spent in this place.
 E = Time spent auto-exploring this place.
 F = Levels seen in this place.
 G = Mean time per level.
                   A        B        C        D        E       F      G
               +--------+--------+--------+--------+--------+-----+--------+
         Total |   7110 |   6875 |    235 |    283 |   5626 |   9 |  790.0 |
       Dungeon |   6718 |   6500 |    218 |    283 |   5378 |   7 |  959.7 |
        Temple |     80 |     63 |     17 |      0 |     60 |   1 |   80.0 |
       Ossuary |    311 |    311 |      0 |      0 |    188 |   1 |  311.0 |
               +--------+--------+--------+--------+--------+-----+--------+

Top non-repeatable levels by time:
     D:6: 1962 daAuts
     D:7: 968 daAuts
     D:3: 940 daAuts
     D:4: 901 daAuts
     D:1: 832 daAuts
     D:2: 721 daAuts
     D:5: 390 daAuts
 Ossuary: 311 daAuts
  Temple: 80 daAuts
